 Dungeon Crawl Stone Soup version 0.29.0-4-gdea44cf6ec (webtiles) character file.

Game seed: 11116582202333765027

43 qw the Chopper (level 3, 0/21 HPs)
             Began as a Tengu Warper on Aug 28, 2022.
             Succumbed to their own poison gas
             ... on level 1 of the Dungeon.
             The game lasted 00:00:06 (1795 turns).

qw the Chopper (Tengu Warper)                       Turns: 1795, Time: 00:00:06

Health: 0/21       AC:  3    Str: 13    XL:     3   Next: 58%
Magic:  7/7        EV: 12    Int: 13    God:
Gold:   52         SH:  0    Dex: 13    Spells: 6/6 levels left

rFire   . . .      SeeInvis .   Y - +0 hand axe
rCold   . . .      Faith    .   (no shield)
rNeg    . . .      Spirit   .   b - +0 leather armour
rPois   .          Reflect  .   (helmet restricted)
rElec   .          Harm     .   (no cloak)
rCorr   .          Rampage  .   (no gloves)
Will    .....                   (boots unavailable)
Stlth   +.........              (no amulet)
HPRegen 0.07/turn               (no ring)
MPRegen 0.10/turn               (no ring)

@: lethally poisoned (0 -> -3)
A: beak, talons 3
a: no special abilities


You were on level 1 of the Dungeon.
You visited 1 branch of the dungeon, and saw 1 of its levels.

You collected 52 gold pieces.


Innate Abilities, Weirdness & Mutations

You have a beak for a mouth.
You have claws for feet.


   Skills:
 - Level 2.0 Fighting
 + Level 4.2 Axes
 - Level 1.0 Throwing
 - Level 1.1 Armour
 - Level 2.1 Dodging
 - Level 2.0 Spellcasting
 - Level 2.4 Translocations


You had 6 spell levels left.
You didn't know any spells.
Your spell library contained the following spells:

 Spells                   Type           Power      Damage    Failure   Level
 Blink                    Tloc           14%        N/A       19%         2
 Gell's Gravitas          Tloc           7%         N/A       36%         3
 Lesser Beckoning         Tloc           7%         N/A       36%         3
 Teleport Other           Tloc           7%         N/A       36%         3
 Manifold Assault         Tloc           7%         N/A       98%         5

Inventory:

Hand Weapons
 f - a +0 club
 Y - a +0 hand axe (weapon)
Armour
 b - a +0 leather armour (worn)
Scrolls
 a - a scroll of identify
Potions
 e - a potion of cancellation {unknown}

Dungeon Overview and Level Annotations

Branches:
Dungeon (1/15)

Altars:


Message History

As you read the scroll labelled NESTER NONAO, it crumbles to dust.
You hear a loud clanging noise!
It was a scroll of noise.
Done exploring.
1785 ||| READING scroll labelled NAWIKKI CAPHA.
As you read the scroll labelled NAWIKKI CAPHA, it crumbles to dust.
You assume a fearsome visage.
Nothing appears to happen.
It was a scroll of fear.
Done exploring.
1786 ||| READING scroll labelled NORPHU IDIAQIRU.
The air fills with toxic fumes!
As you read the scroll labelled NORPHU IDIAQIRU, it crumbles to dust.
It was a scroll of poison.
Done exploring.
1787 ||| DROPPING scroll of blinking.
You drop a scroll of blinking.
Done exploring.
(D) Dungeon
Where to? (* - list waypoints, ? - help)
What level of the Dungeon? (default 1, ? - help) Sorry, I don't know how to get there.
Done exploring.
1788 ||| Stepping randomly (stuck).
Really walk into that cloud of poison gas?
You are engulfed in poison gas.
You are poisoned.
You feel very sick.
1789 ||| Stepping ~*~*~tactically~*~*~ (cloud).
You feel very sick.
You see here a scroll of blinking.
There is a lethal amount of poison in your body!
You feel sick.
There is a lethal amount of poison in your body!
You feel sick.
There is a lethal amount of poison in your body!
You feel sick.
There is a lethal amount of poison in your body!
You feel sick.
There is a lethal amount of poison in your body!
You feel sick.
There is a lethal amount of poison in your body!
You die...

.......##.....#######.#..#.##.#8%
.......##.............#..#.##.##.
.......#######.########..#.##.##.
.......# #.#0######..#.##.##.
.......# #.#¤.............#8.
.....).# #.#¤##########.#.##.
....%..# #.#¤# #......#.#....
.......# #.#0###0####.#.###.#
......)#### #.#@0¤0¤0¤¤#.#.# #.#
..........# #.#000000#0#.#.# #.#
.......##.# #.#¤00#0¤#.#.#.###.#
......###'####.###0#.¤#.#.#.....#
%######~~~~~##.# #¤#..#.#.#######
.# #~~~~~##.# #0#......# #
.######~~~~~##.###.#..###########
......#~~~~~#?.....#..#..........
#########'####.#####..#.#########


There were no monsters in sight!

Vanquished Creatures
  4 dart slugs (D:1)
  2 bats (D:1)
  An endoplasm (D:1)
  2 giant cockroaches (D:1)
  6 goblins (D:1)
  2 hobgoblins (D:1)
  3 jackals (D:1)
  3 quokkas (D:1)
  2 ball pythons (D:1)
  A frilled lizard (D:1)
  A kobold (D:1)
  4 rats (D:1)
31 creatures vanquished.

Notes
Turn   | Place    | Note
-------+----------+-------------------------------------------
     0 | D:1      | qw the Tengu Warper began the quest for the Orb.
     0 | D:1      | Reached XP level 1. HP: 12/12 MP: 4/4
     0 | D:1      | 0 ||| qw: Version: 0.1-a-89-g26bdef1
     0 | D:1      | 0 ||| qw: Game counter: 3366
     0 | D:1      | 0 ||| qw: Always use a shield: true
     0 | D:1      | 0 ||| qw: God list: Okawaru
     0 | D:1      | 0 ||| qw: Allow faded altars: false
     0 | D:1      | 0 ||| qw: Do Orc after D:15 true
     0 | D:1      | 0 ||| qw: Do second Lair branch before Depths: true
     0 | D:1      | 0 ||| qw: Lair rune preference: random
     0 | D:1      | 0 ||| qw: Plans: Normal
     0 | D:1      | 0 ||| PLANNING D:1-11
   101 | D:1      | 101 ||| Stepping ~*~*~tactically~*~*~ (stealth).
   103 | D:1      | 103 ||| Stepping ~*~*~tactically~*~*~ (stealth).
   104 | D:1      | 104 ||| Stepping ~*~*~tactically~*~*~ (stealth).
   110 | D:1      | HP: 3/12 [jackal (3)]
   112 | D:1      | Reached skill level 3 in Axes
   112 | D:1      | Reached XP level 2. HP: 5/17 MP: 6/6
   454 | D:1      | Found a faded altar of an unknown god.
   978 | D:1      | Reached XP level 3. HP: 21/21 MP: 7/7
  1493 | D:1      | Reached skill level 4 in Axes
  1783 | D:1      | 1783 ||| READING 2 scrolls labelled MOEFFU KOBLOT.
  1784 | D:1      | 1784 ||| READING scroll labelled NESTER NONAO.
  1785 | D:1      | 1785 ||| READING scroll labelled NAWIKKI CAPHA.
  1786 | D:1      | 1786 ||| READING scroll labelled NORPHU IDIAQIRU.
  1787 | D:1      | 1787 ||| DROPPING scroll of blinking.
  1788 | D:1      | 1788 ||| Stepping randomly (stuck).
  1789 | D:1      | 1789 ||| Stepping ~*~*~tactically~*~*~ (cloud).
  1790 | D:1      | HP: 5/21 [poisoned by you (poison gas)]
  1793 | D:1      | HP: 2/21 [poisoned by you (poison gas)]
  1795 | D:1      | Succumbed to their own poison gas

Levels and vault maps discovered:
D:1:      beargit_arrival_diablo_church, layout_basic,
          ebering_ecumenical_altar_abandoned, chequers_hall_statues_corner_a,
          chequers_serial_rivers_room_b

Skill      XL: |  1  2  3 |
---------------+----------+-----
Axes           | 3 4 |  4.2
Fighting       | |  2.0
Throwing       | |  1.0
Armour         | |  1.1
Dodging        | |  2.1
Spellcasting   | |  2.0
Translocations | |  2.4

Action                   || total
-------------------------++-------
Melee: Hand axe          ||    61
       Kick              ||    16
       Peck              ||     9
       Punch             ||     1
Throw: Boomerang         ||     7
  Use: Scroll            ||     4
Armor: Leather armour    ||    10
Dodge: Dodged            ||    30

Table legend:
 A = Non-vault XP
 B = Vault XP
 C = Vault XP percentage of total XP
 D = Non-vault monster count
 E = Vault monster count
 F = Vault count percentage of total count
                 A         B        C        D         E       F
            +---------+---------+-------+---------+---------+-------
      Total |      61 |       1 |   1.6 |      30 |       1 |   3.2
            +---------+---------+-------+---------+---------+-------
        D:1 |      61 |       1 |   1.6 |      30 |       1 |   3.2
            +---------+---------+-------+---------+---------+-------
